 Dungeon Crawl Stone Soup version 0.31.0 (webtiles) character file.

Game seed: 491789926371274928

74 qw the Shooter (level 4, -1/27 HPs)
             Began as a Gargoyle Hunter on Jan 19, 2024.
             Killed by nerve-wracking pain
             ... invoked by Grinder
              (2 damage)
             ... on level 3 of the Dungeon.
             The game lasted 00:00:06 (1833 turns).

qw the Shooter (Gargoyle Hunter)                    Turns: 1833, Time: 00:00:06

Health: -1/27      AC:  8    Str: 14    XL:     4   Next: 30%
Magic:  4/4        EV: 11    Int: 10    God:
Gold:   121        SH:  0    Dex: 15    Spells: 3/3 levels left

rFire   . . .        a - +2 shortbow
rCold   . . .        (shield currently unavailable)
rNeg    + . .        g - +0 ring mail
rPois   inf          (no helmet)
rElec   +            (no cloak)
rCorr   +            (no gloves)
SInv    .            (no boots)
Will    .....        (no amulet)
Stlth   +            b - ring of resist corrosion
HPRegen 0.24/turn    (no ring)
MPRegen 0.09/turn

%: no passive effects
@: about to teleport
A: sickness immunity, AC +3, negative energy resistance 1, electricity
resistance, torment resistance 1, petrification resistance
a: no special abilities


You were on level 3 of the Dungeon.
You visited 1 branch of the dungeon, and saw 3 of its levels.

You collected 121 gold pieces.


Innate Abilities, Weirdness & Mutations

You are immune to sickness and miasma.
Your stone body is resilient. (AC +3)
You are immune to poison.
You resist negative energy. (rN+)
You are resistant to electric shocks. (rElec)
You are resistant to unholy torment.
You are immune to petrification.


   Skills:
 + Level 2.5 Fighting
 - Level 5.2 Ranged Weapons
 - Level 1.5 Armour
 - Level 1.5 Dodging
 - Level 1.1 Stealth


You had 3 spell levels left.
You didn't know any spells.
Your spell library was empty.

Inventory:

Hand Weapons
 a - a +2 shortbow (weapon)
Armour
 g - a +0 ring mail (worn)
Jewellery
 b - a ring of resist corrosion (left hand)
 e - a ring of resist corrosion
Wands
 c - a wand of roots (7)
Scrolls
 h - a scroll of poison {unknown}
 i - a scroll of identify
 l - 2 scrolls of teleportation
Potions
 d - a potion of cancellation
 f - a potion of curing
 k - a potion of enlightenment

Dungeon Overview and Level Annotations

Branches:
Dungeon (3/15)

Altars:

Annotations:
D:3 1 runed translucent door, Grinder; qw's ghost, amateur GrHu


Message History

You see here a bat corpse.
Found a chain mail.
You see here a +0 chain mail.
A ball python comes into view.
The ball python hisses angrily.
Enter note: You shoot an arrow.
The arrow hits the ball python!
You kill the ball python!
The adder hisses angrily.
The bullfrog croaks.
The adder hisses angrily.
You see here a ball python corpse.
You see here a ball python corpse.
A ball python comes into view.
You shoot an arrow. The arrow hits the ball python!
You kill the ball python!
Grinder comes into view.
Grinder shouts!
You shoot an arrow. The arrow hits Grinder!
Grinder is lightly wounded.
Grinder gestures at you. Pain shoots through your body!
You shoot an arrow. The arrow hits Grinder.
Grinder is moderately wounded.
Grinder closely misses you.
You shoot an arrow. The arrow barely misses Grinder.
Grinder hits you!
You writhe in agony.
You shoot an arrow.
The arrow hits Grinder but does no damage.
Grinder is moderately wounded.
Grinder gestures at you.
You barely resist. You shoot an arrow. The arrow closely misses Grinder.
Grinder hits you. x2; You writhe in agony.
1833 ||| READING 3 scrolls of teleportation.
As you read the scroll of teleportation, it crumbles to dust.
You feel strangely unstable. Grinder gestures at you.
Pain shoots through your body!
You die...
Grinder says, "Now the real fun starts!"

### #.. #
# #.# #.
.###
#######.#
#.## ##...
........#
... ...
########.#
#5#.#
#.........
#.@.#
#.#####...
##.## #.#
#... #.#
#.# #..#
#.## #.#
###..#
#..# #.#
#....#
##.# #.#
#.#.## #.#
##.###.#.#
#.#
#...##.#.#
#.#
#...##.#.#


You could see Grinder.

Vanquished Creatures
  A sleepcap (D:3)
  An adder (D:2)
  A dart slug (D:1)
  A ribbon worm (D:2)
  An orc (D:3)
  5 ball pythons
  4 bats
  An endoplasm (D:2)
  A giant cockroach (D:1)
  3 goblins
  4 hobgoblins
  3 kobolds
  A quokka (D:2)
  4 frilled lizards
  A rat (D:3)
32 creatures vanquished.

Notes
Turn   | Place    | Note
-------+----------+-------------------------------------------
     0 | D:1      | qw the Gargoyle Hunter began the quest for the Orb.
     0 | D:1      | Reached XP level 1. HP: 12/12 MP: 1/1
     0 | D:1      | 0 ||| qw: Version: 0.3-a-132-g3d54051
     0 | D:1      | 0 ||| qw: Game counter: 192
     0 | D:1      | 0 ||| qw: Melee chars always use a shield: true
     0 | D:1      | 0 ||| qw: God list: Okawaru
     0 | D:1      | 0 ||| qw: Allow faded altars: false
     0 | D:1      | 0 ||| qw: Do Orc after clearing Dungeon:15 true
     0 | D:1      | 0 ||| qw: Do second Lair branch before Depths: true
     0 | D:1      | 0 ||| qw: Lair rune preference: random
     0 | D:1      | 0 ||| qw: Goals: Normal
     0 | D:1      | 0 ||| PLANNING D:1-11
   249 | D:1      | Reached XP level 2. HP: 17/17 MP: 2/2
   312 | D:1      | Found a faded altar of an unknown god.
   602 | D:1      | 602 ||| UPGRADING to +0 ring mail.
   612 | D:1      | 612 ||| DROPPING +0 leather armour.
   613 | D:1      | 613 ||| READING 2 scrolls labelled ICUEDE XESTRODE.
   613 | D:1      | 613 ||| ENCHANTING +0 shortbow.
   614 | D:1      | 614 ||| READING scroll of enchant weapon.
   614 | D:1      | 614 ||| ENCHANTING +1 shortbow.
   615 | D:1      | 615 ||| READING scroll labelled ZIF XOHAMA.
   616 | D:1      | 616 ||| DROPPING scroll of butterflies.
   686 | D:2      | Reached skill level 1 in Armour
   686 | D:2      | Reached XP level 3. HP: 19/21 MP: 3/3
   849 | D:2      | 849 ||| FLEEEEING.
  1320 | D:2      | 1320 ||| UPGRADING to ring of resist corrosion.
  1321 | D:2      | 1321 ||| READING scroll labelled WEABIT DONEI.
  1322 | D:2      | 1322 ||| READING scroll labelled ATICAFU WOLILU.
  1323 | D:2      | 1323 ||| READING 3 scrolls labelled RAECLO OKK.
  1323 | D:2      | 1323 ||| IDENTIFYING purple potion
  1324 | D:2      | 1324 ||| READING 2 scrolls of identify.
  1324 | D:2      | 1324 ||| IDENTIFYING black potion
  1325 | D:2      | 1325 ||| READING scroll of identify.
  1325 | D:2      | 1325 ||| IDENTIFYING orange potion
  1326 | D:2      | 1326 ||| READING scroll labelled CONLUNUOTI.
  1327 | D:2      | 1327 ||| READING 3 scrolls labelled RIETRI KILIVATA.
  1328 | D:2      | 1328 ||| FLEEEEING.
  1330 | D:2      | 1330 ||| READING 2 scrolls labelled NONEYH CUELA.
  1331 | D:2      | 1331 ||| DRINKING 2 silvery potions.
  1332 | D:2      | 1332 ||| DROPPING potion of ambrosia.
  1333 | D:2      | 1333 ||| DROPPING scroll of blinking.
  1362 | D:3      | Reached skill level 5 in Ranged Weapons
  1362 | D:3      | Reached XP level 4. HP: 11/26 MP: 4/4
  1492 | D:3      | Found a runed translucent door.
  1494 | D:3      | Noticed a bullfrog
  1496 | D:3      | Noticed qw's ghost (amateur GrHu)
  1827 | D:3      | Noticed Grinder
  1832 | D:3      | HP: 3/27 [Grinder (6)]
  1832 | D:3      | HP: 1/27 [Grinder (2)]
  1833 | D:3      | 1833 ||| READING 3 scrolls of teleportation.
  1833 | D:3      | Killed from afar by Grinder

Levels and vault maps discovered:
D:1:      minmay_arrival_five_plusses, layout_loops_cross,
          dreamdust_ecumenical_altar_statues, minivault_4
D:2:      layout_basic
D:3:      layout_loops_ring, zin_statuary, ebering_ghost_sewer_d,
          guppyfry_early_lair_pool, uniq_grinder

Skill      XL: |  1  2  3 |
---------------+----------+-----
Armour         | 1 |  1.5
Ranged Weapons | 5 |  5.2
Fighting       | |  2.5
Dodging        | |  1.5
Stealth        | |  1.1

Action                     |  1- 3 |  4- 6 || total
---------------------------+-------+-------++-------
   Fire: Shortbow          |    83 |    39 ||   122
    Use: Scroll            |    11 |     1 ||    12
         Potion            |     1 |       ||     1
 Armour: Leather armour    |     5 |       ||     5
         Ring mail         |    26 |     9 ||    35
  Dodge: Dodged            |    32 |     6 ||    38

Table legend:
 A = Non-vault XP
 B = Vault XP
 C = Vault XP percentage of total XP
 D = Non-vault monster count
 E = Vault monster count
 F = Vault count percentage of total count
                 A         B        C        D         E       F
            +---------+---------+-------+---------+---------+-------
      Total |     107 |       0 |   0.0 |      32 |       0 |   0.0
            +---------+---------+-------+---------+---------+-------
        D:1 |      18 |       0 |   0.0 |       9 |       0 |   0.0
        D:2 |      33 |       0 |   0.0 |      11 |       0 |   0.0
        D:3 |      56 |       0 |   0.0 |      12 |       0 |   0.0
            +---------+---------+-------+---------+---------+-------
